cohdb
Replays
Latest Replays
All Replays
Popular Replays
Top Player Replays
Match Explorer
How It Works
Community
CoH3 Stats
Reddit
Sign in to upload your games and track your stats! →
Sign in with Steam
Match 40752142
Unlisted
Match 40752142
Overview
Messages
Build Orders
End
Kradschützen Motorcycle Team
Panzerpioneer Squad
Selects Panzerjäger Kommand Battlegroup
Selects Panzerjäger Kommand Battlegroup
250 Light Carrier
Panzerpioneer Squad
Selects Mine Fields
Construct Light Support Kompanie
MG34 Team
Fire Support Elements
MG34 Team
Panzerjäger Mechanized Group
Selects Tank Busters
Flakvierling Half-track
Vehicle Survival Package
2.5-tonne Medical Truck
Hing-gi
只愛❤毛妹
0
0
Comments
sign in to comment!
No comments posted yet!